 Dungeon Crawl Stone Soup version 0.17-a0-1575-g9a29ec8 (webtiles) character file.

73 urechis the Sneak (level 4, 0/42 HPs)
             Began as a Kobold Berserker on July 26, 2015.
             Was a Believer of Trog.
             Succumbed to an adder's poison
             ... on level 3 of the Dungeon.
             The game lasted 00:02:25 (1940 turns).

urechis the Sneak (Kobold Berserker)                Turns: 1940, Time: 00:02:25

Health: 0/42       AC:  2    Str: 20    XL:     4   Next: 51%
Magic:  4/4        EV: 15    Int:  5    God:    Trog [**....]
Gold:   77         SH:  0    Dex: 16    Spells: 0 memorised, 3 levels left

rFire  . . .     SeeInvis .     a - +0 short sword
rCold  . . .     Clarity  .     b - +0 animal skin
rNeg   . . .     SustAt   .     (shield restricted)
rPois  .         Gourm    .     (no helmet)
rElec  .         Spirit   .     (no cloak)
rCorr  .         Warding  .     (no gloves)
rMut   .         Stasis   .     (no boots)
MR     .....                    (no amulet)
Stlth  ..........               (no ring)
                                (no ring)

@: berserking (expiring), lethally poisoned (0 -> -7), very quick, not resistant
to hostile enchantments, extremely unstealthy
A: carnivore 3
a: Burn Spellbooks, Berserk, Trog's Hand, Renounce Religion


You were on level 3 of the Dungeon.
You worshipped Trog.
Trog was pleased with you.
You were full.

You visited 1 branch of the dungeon, and saw 3 of its levels.

You collected 77 gold pieces.

Inventory:

Hand weapons
 a - a +0 short sword (weapon)
Armour
 b - a +0 animal skin (worn)
Jewellery
 j - an uncursed ring of protection from cold {unknown}
Scrolls
 e - 3 scrolls of identify {unknown}
 f - a scroll of recharging {unknown}
 g - a scroll of immolation {unknown}
 h - a scroll of enchant weapon {unknown}
 i - 2 scrolls of amnesia {unknown}
 l - a scroll of teleportation {unknown}
 m - a scroll of random uselessness {unknown}
Potions
 d - 2 potions of heal wounds {unknown}
 n - a potion of brilliance {unknown}
 o - a potion of poison {unknown}
Comestibles
 c - a meat ration
 k - a beef jerky


   Skills:
 - Level 3.2 Fighting
 - Level 4.0 Short Blades
 - Level 1.5 Armour
 - Level 2.4 Dodging
 + Level 5.5 Stealth


You had 3 spell levels left.
You didn't know any spells.

Dungeon Overview and Level Annotations

Branches:
Dungeon (3/15)

Altars:
Makhleb
Qazlal
Vehumet


Innate Abilities, Weirdness & Mutations

You are small and have problems with some larger weapons.
You are carnivorous and can eat meat at any time.


Message History

You are more poisoned.
The adder poisons you!
You puncture the adder!
You kill the adder!
Trog accepts your kill.
* * * LOW HITPOINT WARNING * * *
You feel sick.
You are too berserk!
You feel a strong urge to attack something.
* * * LOW HITPOINT WARNING * * *
You feel sick.
You see here a quokka corpse.
You butcher the quokka corpse.
You enjoyed that.
You see here 2 chunks of flesh.
Eat one of 2 chunks of flesh? (ye/n/q/i?) This raw flesh tastes great.
* * * LOW HITPOINT WARNING * * *
You feel sick.
You continue eating. x2
You die...

# #.# # ### #.#
#.#####.. #.#
#........ #.#
#.†####.. #.# #..
##. #.# #.. #.
##.########.. #.
#.@..........#####.
#..########........
#..# ########.
##.###### ####.
#......# #....
#####.####.# #.###
#........#.# #.#
#.###.##.#.# #.#
#.# #.##.#.### #.#


There were no monsters in sight!

Vanquished Creatures
  2 adders (D:3)
  A worm (D:2)
  A giant gecko (D:3)
  3 orcs (D:3)
  A giant cockroach (D:2)
  8 goblins (D:1)
  9 hobgoblins
  3 jackals
  6 bats
  6 giant newts
  A kobold (D:1)
  A quokka (D:3)
  3 rats
45 creatures vanquished.

Notes
Turn   | Place    | Note
--------------------------------------------------------------
     0 | D:1      | urechis the Kobold Berserker began the quest for the Orb.
     0 | D:1      | Reached XP level 1. HP: 14/14 MP: 1/1
    61 | D:1      | Reached skill level 1 in Stealth
   269 | D:1      | Reached XP level 2. HP: 14/19 MP: 2/2
   640 | D:1      | Reached XP level 3. HP: 21/23 MP: 3/3
   677 | D:1      | Acquired Trog's second power
  1334 | D:2      | Found a burning altar of Makhleb.
  1334 | D:2      | Found a radiant altar of Vehumet.
  1413 | D:2      | Found a burning altar of Makhleb.
  1413 | D:2      | Noticed an Executioner
  1809 | D:3      | Found a stormy altar of Qazlal.
  1816 | D:3      | Reached XP level 4. HP: 28/28 MP: 4/4
  1819 | D:3      | Reached skill level 5 in Stealth
  1936 | D:3      | HP: 2/42 [poisoned by an adder]
  1940 | D:3      | Succumbed to an adder's poison

Vault maps used:
D:1:      eino_arrival_water_star
D:2:      grunt_temple_overflow_open, makhleb_altar_promises_db
D:3:      old_standard_altar, minmay_misc_feat_square

Action                   |  1- 3 |  4- 6 || total
-------------------------+-------+-------++-------
Melee: Short sword       |    99 |    29 ||   128
Invok: Berserk           |     3 |     1 ||     4
 Stab: Sleeping          |    10 |       ||    10
  Eat: Chunk             |     9 |     2 ||    11
